 Dungeon Sprint DCSS version 0.24-a0-516-g9de272bb65 (webtiles) character file.

Game seed: 6385806586070660253

15591 Genom09 the Executioner (level 12, -6/84 HPs)
             Began as a Hill Orc Fighter on July 22, 2019.
             Was the Champion of Wu Jian.
             Mangled by a lorocyproca (10 damage)
             ... in the Dungeon (Sprint I: "Red Sonja").
             The game lasted 00:50:33 (3917 turns).

Genom09 the Executioner (Hill Orc Fighter)          Turns: 3917, Time: 00:50:34

Health: -6/84      AC: 18    Str: 19    XL:     12   Next: 28%
Magic:  0/12       EV:  9    Int:  8    God:    Wu Jian [******]
Gold:   235        SH: 21    Dex: 18    Spells: 11/11 levels left

rFire    . . .     SeeInvis .   r - +2 broad axe (elec)
rCold    . . .     Gourm    .   s - +1 large shield {rC+}
rNeg     . . .     Faith    .   g - +3 chain mail of the Slightly Bent {rPois rC- Str-4 Dex+9}
rPois    +         Spirit   .   (no helmet)
rElec    .         Reflect  .   f - scarf {repulsion}
rCorr    .         Harm     .   (no gloves)
MR       .....     NoTele   +   (no boots)
Stlth    ..........             (no amulet)
HPRegen  0.24/turn              n - +2 ring of protection
MPRegen  0.13/turn              (no ring)

@: exhausted, repel missiles
A: blurry vision 1, clumsy 1, frail 2, mutation resistance 1, screaming 1
a: Wall Jump, Serpent's Lash, Heavenly Storm, Renounce Religion


You were in the Dungeon.
You worshipped Wu Jian.
Wu Jian was exalted by your worship.
You were hungry.

You visited 1 branch You collected 1513 gold pieces.
You spent 1278 gold pieces at shops.

Inventory:

Hand Weapons
 a - a +0 war axe
 r - a +2 broad axe of electrocution (weapon)
Armour
 b - a +0 scale mail
 c - a +0 shield
 f - a scarf of repulsion (worn)
 g - the +3 chain mail of the Slightly Bent (worn) {rPois rC- Str-4 Dex+9}
   (You bought it in a shop in the Dungeon)

   It affects your strength (-4).
   It affects your dexterity (+9).
   It makes you vulnerable to cold.
   It protects you from poison.
 l - a +2 leather armour of magic resistance
 o - the +3 leather armour of Distant Worlds {SInv}
   (You found it in the Dungeon)

   It lets you see invisible.
 p - a +4 plate armour of poison resistance
 s - a +1 large shield of cold resistance (worn)
Jewellery
 n - a +2 ring of protection (left hand)
Scrolls
 h - 2 scrolls of identify
 k - a scroll of blinking
 m - a scroll of holy word {unknown}
 q - a scroll of torment {unknown}
Potions
 d - a potion of might
 i - 3 potions of magic
 j - a potion of berserk rage


   Skills:
 - Level 10.1 Fighting
 * Level 24.3 Axes
 - Level 15.5 Armour
 * Level 4.8 Dodging
 - Level 15.4 Shields


You had 11 spell levels left.
You didn't know any spells.
Your spell library was empty.

Dungeon Overview and Level Annotations

Branches:
Dungeon (1/1)

Altars:
Cheibriados
Dithmenos
Elyvilon
Fedhas
Gozag
Hepliaklqana
Kikubaaqudgha
Makhleb
Nemelex Xobeh
Okawaru
Qazlal
Ru
Sif Muna
Trog
Uskayaw
Vehumet
Wu Jian
Xom
Yredelemnul
Zin
The Shining One
Jiyva
Lugonu

Shops:
D **!!!:([!?([(!!(:*[[[


Innate Abilities, Weirdness & Mutations

Scrolls take you a little longer to read.
You are clumsy. (Dex -2)
You are very frail. (-20% HP)
You are somewhat resistant to further mutation.
You occasionally shout uncontrollably at your foes.


Message History

Aiming: Wall Jump
Press: ? - help, Dir - move target cursor Your supernatural speed expires.
Something hits you but does no damage.
There is an open door here.
Something hits you.
* * * LOW HITPOINT WARNING * * *
You feel your power leaking away. You block something's attack.
You feel better. Something hits you.
* * * LOW HITPOINT WARNING * * *
You open the door. Something hits you.
* * * LOW HITPOINT WARNING * * *
There is an open door here.
Aiming: Wall Jump
Press: ? - help, Dir - move target cursor Something hits you.
* * * LOW HITPOINT WARNING * * *
You feel your power leaking away. Something hits you!
You die...

################## #############
.#..'..#__#.)')..# #§§§§§.§§.§§§
.+).#..'..'.)#.○○##+#.####§§.§§##
+#####.#__####.{@○§§#§# ##§§§###
.#...#(####§.#####§§§§# $###+#
##..##)#≈§§§)#..##°#### .$#y#.#
_##'#§§§§§§§.'..#.^°○.#..$###..##
..'..§§#§§§§§#§§#^..°.○..$$$##.#A
_##_.#+##§#####§###.○)#^....# .##
_###'#.#§(..###.'.#...###++## ##.
####(####§###(###§#..## +
..'...'.....'.∩##§#^^#


There were no monsters in sight!

Vanquished Creatures
  A deep elf annihilator (D)
  A hydra (D)
  2 centaur warriors (D)
  A deep troll (D)
  A lindwurm (D)
  2 unseen horrors (D)
  8 shining eyes (D)
  An oklob plant (D)
  2 merfolk sirens (D)
  A gargoyle (D)
  2 kobold demonologists (D)
  4 demonic crawlers (D)
  A hellwing (D)
  A slime creature (D)
  A hornet (D)
  2 redbacks (D)
  Sigmund (D)
  A yak (D)
  13 hogs (D)
  7 floating eyes (D)
  An ogre (D)
  7 necrophages (D)
  8 jellies (D)
  Ijyb (D)
  3 ballistomycetes (D)
73 creatures vanquished.

Vanquished Creatures (others)
  Sonja (D)
  2 ballistomycete spores (D)
3 creatures vanquished.

Grand Total: 76 creatures vanquished

Notes
Turn   | Place    | Note
-------+----------+-------------------------------------------
     0 | D        | Genom09 the Hill Orc Fighter began the quest for the Orb.
     0 | D        | Reached XP level 1. HP: 19/19 MP: 1/1
     1 | D        | Noticed Ijyb
    22 | D        | Killed Ijyb
    22 | D        | Reached skill level 5 in Fighting
    22 | D        | Reached skill level 4 in Axes
    22 | D        | Reached skill level 1 in Dodging
    22 | D        | Reached XP level 2. HP: 28/29 MP: 2/2
    22 | D        | Reached XP level 3. HP: 35/36 MP: 3/3
    48 | D        | Noticed an ogre
    52 | D        | Killed an ogre
    52 | D        | Reached skill level 7 in Axes
    52 | D        | Reached skill level 5 in Armour
    52 | D        | Reached skill level 5 in Shields
    52 | D        | Reached XP level 4. HP: 22/42 MP: 4/4
   194 | D        | Noticed Sigmund
   218 | D        | Killed Sigmund
   218 | D        | Reached skill level 10 in Axes
   218 | D        | Reached XP level 5. HP: 20/48 MP: 5/5
   218 | D        | Reached XP level 6. HP: 23/56 MP: 6/6
   430 | D        | Found a burning altar of Makhleb.
   430 | D        | Found a viscous altar of Jiyva.
   430 | D        | Found a shimmering altar of Xom.
   430 | D        | Found a corrupted altar of Lugonu.
   430 | D        | Noticed a slime creature
   442 | D        | Killed a slime creature
   442 | D        | Reached skill level 12 in Axes
   442 | D        | Reached XP level 7. HP: 20/61 MP: 7/7
   648 | D        | Found an ornate altar of the Wu Jian Council.
   648 | D        | Found a deep blue altar of Sif Muna.
   666 | D        | Found a radiant altar of Vehumet.
   671 | D        | Became a worshipper of the Wu Jian Council
   688 | D        | Found Xyagoabb's Distillery.
   688 | D        | Found an ancient bone altar of Kikubaaqudgha.
   688 | D        | Found a hazy altar of Hepliaklqana.
   688 | D        | Found a stormy altar of Qazlal.
   688 | D        | Found a hide-covered altar of Uskayaw.
   688 | D        | Found a blossoming altar of Fedhas.
   688 | D        | Found a bloodstained altar of Trog.
   688 | D        | Found an iron altar of Okawaru.
   688 | D        | Found a basalt altar of Yredelemnul.
   688 | D        | Found a glowing golden altar of the Shining One.
   688 | D        | Found a snail-covered altar of Cheibriados.
   688 | D        | Found a sacrificial altar of Ru.
   688 | D        | Found a glowing silver altar of Zin.
   688 | D        | Found a shadowy altar of Dithmenos.
   688 | D        | Found a white marble altar of Elyvilon.
   688 | D        | Noticed a yak
   700 | D        | Killed a yak
   700 | D        | Reached skill level 13 in Axes
   704 | D        | Found an opulent altar of Gozag.
   705 | D        | Found a sparkling altar of Nemelex Xobeh.
   793 | D        | Noticed a centaur warrior
   807 | D        | Noticed Sonja
   887 | D        | Killed Sonja
   887 | D        | Reached skill level 15 in Axes
   887 | D        | Reached XP level 8. HP: 15/68 MP: 8/8
  1208 | D        | Bought a potion of haste for 100 gold pieces
  1208 | D        | Bought a potion of heal wounds for 50 gold pieces
  1230 | D        | Noticed a kobold demonologist
  1230 | D        | Noticed a kobold demonologist
  1232 | D        | Reached skill level 10 in Armour
  1232 | D        | Reached skill level 10 in Shields
  1237 | D        | Noticed a ynoxinul
  1238 | D        | Noticed a sixfirhy
  1244 | D        | Killed a kobold demonologist
  1244 | D        | Reached * piety under Wu Jian
  1245 | D        | Killed a kobold demonologist
  1245 | D        | Reached skill level 16 in Axes
  1245 | D        | Reached XP level 9. HP: 69/74 MP: 9/9
  1254 | D        | Noticed a demonic crawler
  1254 | D        | Noticed a demonic crawler
  1254 | D        | Noticed a demonic crawler
  1254 | D        | Noticed a demonic crawler
  1264 | D        | Killed a demonic crawler
  1393 | D        | Noticed a centaur warrior
  1406 | D        | Killed a centaur warrior
  1406 | D        | Reached ** piety under Wu Jian
  1406 | D        | Reached skill level 17 in Axes
  1417 | D        | Killed a centaur warrior
  1417 | D        | Reached skill level 18 in Axes
  1654 | D        | Noticed a deep troll
  1673 | D        | HP: 2/79 [deep troll (9)]
  1681 | D        | Killed a deep troll
  1681 | D        | Reached skill level 19 in Axes
  1681 | D        | Reached XP level 10. HP: 25/86 MP: 10/10
  1952 | D        | Found Uniokiet's Assorted Antiques.
  1962 | D        | Noticed a shining eye
  1962 | D        | Noticed a shining eye
  1962 | D        | Noticed a shining eye
  1962 | D        | Noticed a shining eye
  1962 | D        | Noticed a shining eye
  1962 | D        | Noticed a shining eye
  1963 | D        | Gained mutation: Scrolls take you a little longer to read.
                  | [a shining eye]
  1964 | D        | Paralysed by a floating eye for 3 turns
  1964 | D        | Gained mutation: You are frail. (-10% HP) [a shining eye]
  1966 | D        | Gained mutation: You are dopey. (Int -2) [a shining eye]
  1972 | D        | Gained mutation: You have a pair of small antennae on your
                  | head. [a shining eye]
  1973 | D        | Reached *** piety under Wu Jian
  1974 | D        | Gained mutation: You are weak. (Str -2) [a shining eye]
  1978 | D        | Gained mutation: Scrolls take you longer to read. [a
                  | shining eye]
  1980 | D        | Killed a shining eye
  1980 | D        | Gained mutation: You occasionally shout uncontrollably at
                  | your foes. [a shining eye]
  1984 | D        | Killed a shining eye
  1984 | D        | Gained mutation: You are very frail. (-20% HP) [a shining
                  | eye]
  1986 | D        | Gained mutation: You are somewhat resistant to further
                  | mutation. [a shining eye]
  1986 | D        | Gained mutation: You are very dopey. (Int -4) [a shining
                  | eye]
  1991 | D        | Killed a shining eye
  1991 | D        | Reached skill level 20 in Axes
  1992 | D        | Killed a shining eye
  1992 | D        | Reached **** piety under Wu Jian
  1993 | D        | Gained mutation: You are extremely frail. (-30% HP) [a
                  | shining eye]
  1995 | D        | Gained mutation: You are clumsy. (Dex -2) [a shining eye]
  1996 | D        | Killed a shining eye
  2000 | D        | Gained mutation: Your magical capacity is low. (-10% MP) [a
                  | shining eye]
  2004 | D        | Killed a shining eye
  2006 | D        | Noticed a shining eye
  2006 | D        | Noticed a shining eye
  2007 | D        | Paralysed by a floating eye for 4 turns
  2022 | D        | Killed a shining eye
  2022 | D        | Reached ***** piety under Wu Jian
  2022 | D        | Reached skill level 21 in Axes
  2022 | D        | Reached XP level 11. HP: 64/64 MP: 9/9
  2025 | D        | Gained mutation: You tend to lose your temper in combat. [a
                  | shining eye]
  2032 | D        | Killed a shining eye
  2071 | D        | Found Netyb's Distillery.
  2071 | D        | Found Gecanaad's Assorted Antiques.
  2071 | D        | Found Hoterux's Book Boutique.
  2071 | D        | Found Betsesux's Distillery.
  2114 | D        | Bought a potion of mutation for 80 gold pieces
  2114 | D        | Lost mutation: You tend to lose your temper in combat.
                  | [potion of mutation]
  2114 | D        | Lost mutation: You are very dopey. (Int -4) [potion of
                  | mutation]
  2114 | D        | Lost mutation: You are dopey. (Int -2) [potion of mutation]
  2114 | D        | Lost mutation: You are weak. (Str -2) [potion of mutation]
  2121 | D        | Lost mutation: Scrolls take you longer to read. [potion of
                  | mutation]
  2121 | D        | Lost mutation: You are extremely frail. (-30% HP) [potion
                  | of mutation]
  2121 | D        | Lost mutation: You have a pair of small antennae on your
                  | head. [potion of mutation]
  2121 | D        | Lost mutation: Your magical capacity is low. (-10% MP)
                  | [potion of mutation]
  2358 | D        | Found Vafees's Armour Emporium.
  2363 | D        | Bought a scarf of repulsion for 156 gold pieces
  2363 | D        | Bought the +3 chain mail of the Slightly Bent {rPois rC-
                  | Str-4 Dex+9} for 444 gold pieces
  2434 | D        | Noticed an oklob plant
  2455 | D        | Killed an oklob plant
  2596 | D        | Killed an unseen horror
  2616 | D        | Killed an unseen horror
  2616 | D        | Reached skill level 22 in Axes
  2643 | D        | Reached ****** piety under Wu Jian
  2899 | D        | Got a slimy leather armour
  2923 | D        | Identified the +3 leather armour of Distant Worlds {SInv}
                  | (You found it in the Dungeon)
  2951 | D        | Found Wohynukk's Armour Shoppe.
  2951 | D        | Found Axi Syul's Weapon Shop.
  2951 | D        | Found Igumaek's Distillery.
  2953 | D        | Found Ucudibor's Magic Scroll Emporium.
  2953 | D        | Found Merakasa's Antique Weapon Shop.
  2953 | D        | Found Panuliri's Armour Shoppe.
  2953 | D        | Found Qitt's Weapon Boutique.
  2953 | D        | Found Ocsod's Distillery.
  2953 | D        | Found Kecasm's Distillery.
  2953 | D        | Found Tapifefo's Weapon Shoppe.
  2956 | D        | Found Gefri's Book Boutique.
  2957 | D        | Bought a scroll of identify for 28 gold pieces
  2957 | D        | Found Zeextis's Armour Emporium.
  2957 | D        | Found Jaevulegh's Assorted Antiques.
  2958 | D        | Found Siethreb's Armour Emporium.
  2979 | D        | Bought a glowing broad axe for 189 gold pieces
  2986 | D        | Bought a +1 large shield of cold resistance for 231 gold
                  | pieces
  3085 | D        | Reached skill level 15 in Armour
  3085 | D        | Reached skill level 15 in Shields
  3133 | D        | Noticed a lindwurm
  3136 | D        | Killed a lindwurm
  3136 | D        | Reached skill level 23 in Axes
  3201 | D        | Reached XP level 12. HP: 39/83 MP: 12/12
  3228 | D        | Noticed a daeva
  3396 | D        | Noticed a 12-headed hydra
  3401 | D        | Killed an 18-headed hydra
  3582 | D        | Noticed a deep elf annihilator
  3601 | D        | Killed a deep elf annihilator
  3601 | D        | Reached skill level 10 in Fighting
  3601 | D        | Reached skill level 24 in Axes
  3917 | D        | HP: 4/84 [something (6)]
  3917 | D        | Mangled by a lorocyproca

Levels and vault maps discovered:
D:        dungeon_sprint_1 [red_sonja_temple_1, red_sonja_temple_small_1]

Skill      XL: |  1  2  3  4  5  6  7  8  9 10 11 12 |
---------------+-------------------------------------+-----
Fighting       | 5 7 9 10 | 10.1
Axes           | 4 7 10 12 15 16 19 21 23 24 | 24.3
Armour         | 4 5 7 8 9 10 12 13 15 | 15.5
Dodging        | 1 2 4 |  4.8
Shields        | 4 5 7 8 9 10 12 13 15 | 15.4

Action                   |  1- 3 |  4- 6 |  7- 9 | 10-12 || total
-------------------------+-------+-------+-------+-------++-------
Melee: War axe           |    23 |    34 |    90 |   185 ||   332
       Broad axe         |       |       |       |   125 ||   125
Invok: Lunge             |       |       |     2 |     6 ||     8
       Whirlwind         |       |       |       |    35 ||    35
       Serpent's Lash    |       |       |       |     8 ||     8
 Abil: Wall Jump         |       |       |       |    10 ||    10
  Use: Potion            |       |       |     5 |     5 ||    10
       Scroll            |       |       |       |     1 ||     1
  Eat: Chunk             |       |       |     2 |     4 ||     6
       Ration            |       |       |       |     1 ||     1
Armor: Scale mail        |     9 |     4 |    28 |       ||    41
       Chain mail        |       |       |       |    72 ||    72
Dodge: Dodged            |     8 |     7 |    39 |    38 ||    92
       Deflected         |       |       |       |     3 ||     3
Block: Shield            |    10 |     4 |    58 |    42 ||   114
       Large shield      |       |       |       |    90 ||    90

Table legend:
 A = Non-vault XP
 B = Vault XP
 C = Vault XP percentage of total XP
 D = Non-vault monster count
 E = Vault monster count
 F = Vault count percentage of total count
                 A         B        C        D         E       F
            +---------+---------+-------+---------+---------+-------
      Total |       0 |   22274 | 100.0 |       0 |      71 | 100.0
            +---------+---------+-------+---------+---------+-------
          D |       0 |   22274 | 100.0 |       0 |      71 | 100.0
            +---------+---------+-------+---------+---------+-------
